 Dungeon Crawl Stone Soup version 0.17-a0-1714-g35622ae (webtiles) character file.

50896 nuthulu the Tortoise (level 14, -5/132 HPs)
             Began as a Minotaur Fighter on Aug 23, 2015.
             Was a High Priest of Okawaru.
             Slain by a catoblepas (10 damage)
             ... on level 8 of the Lair of Beasts.
             The game lasted 00:53:33 (20251 turns).

nuthulu the Tortoise (Minotaur Fighter)            Turns: 20251, Time: 00:53:34

Health: -5/132     AC: 22    Str: 23    XL:     14   Next: 21%
Magic:  22/22      EV:  2    Int:  8    God:    Okawaru [*****.]
Gold:   1122       SH:  0    Dex: 11    Spells: 0 memorised, 13 levels left

rFire  . . .     SeeInvis .     r - +4 flail "Murgh" {flame, rPois Str+2 Dex-4}
rCold  . . .     Clarity  .     b - +0 scale mail
rNeg   + + +     SustAt   .     M - +2 shield {AC+3}
rPois  ∞         Gourm    .     R - +2 hat {MR+}
rElec  .         Spirit   .     h - +2 cloak
rCorr  .         Warding  .     t - +0 pair of gloves
rMut   .         Stasis   .     (no boots)
MR     ++...                    (no amulet)
Stlth  +.........               P - ring of magical power
                                d - +3 ring of intelligence

@: petrified, heroism, studying Dodging, very resistant to hostile enchantments,
very unstealthy
A: retaliatory headbutt, horns 2
a: Heroism, Finesse, Renounce Religion


You were on level 8 of the Lair of Beasts.
You worshipped Okawaru.
Okawaru was extremely pleased with you.
You were not hungry.

You visited 3 branches of the dungeon, and saw 18 of its levels.

You collected 1122 gold pieces.

Inventory:

Hand weapons
 a - a +2 flail
 r - the +4 flail "Murgh" (weapon) {flame, rPois Str+2 Dex-4}
   (You found it on level 5 of the Dungeon)

   It has been specially enchanted to burn those struck by it, causing extra
   injury to most foes and up to half again as much damage against particularly
   susceptible opponents.
   It affects your strength (+2).
   It affects your dexterity (-4).
   It protects you from poison.
 T - the +0 mace of Doubt {crush, *Rage rPois Str+4 Int-3}
   (You found it on level 7 of the Lair of Beasts)

   It inflicts extra damage upon your enemies.
   It affects your strength (+4).
   It affects your intelligence (-3).
   It protects you from poison.
   It may make you go berserk in combat.
Missiles
 J - 2 throwing nets (quivered)
Armour
 b - a +0 scale mail (worn)
 c - a +0 shield
 h - a +2 cloak (worn)
 t - a +0 pair of gloves (worn)
 w - a +2 hat
 M - a +2 shield of protection (worn)
 R - a +2 hat of magic resistance (worn)
 S - a +2 shield of poison resistance
 W - a +2 large shield
Jewellery
 d - a +3 ring of intelligence (left hand)
 E - an uncursed ring of ice
 G - a +4 ring of intelligence
 L - an uncursed ring of stealth
 N - an uncursed ring of fire
 P - a ring of magical power (right hand)
Magical devices
 k - a wand of frost (26)
 y - a wand of fire (10)
 A - a wand of frost (22)
 B - a wand of random effects (29)
 C - a wand of flame (29)
 I - a wand of draining (2)
 U - a wand of paralysis (14)
 Y - a wand of magic darts (27)
Scrolls
 i - 5 scrolls of remove curse
 n - 4 scrolls of amnesia
 p - 3 scrolls of enchant weapon
 q - 2 scrolls of fog
 v - 2 scrolls of teleportation
 D - 4 scrolls of magic mapping
 H - 2 scrolls of identify
Potions
 f - 6 potions of curing
 j - 3 potions of flight
 l - 3 potions of brilliance
 o - 3 potions of resistance
 s - 4 potions of haste
 u - a potion of might
 x - 3 potions of agility
 K - 3 potions of magic
 O - a potion of berserk rage
Books
 Q - a book of Party Tricks

   Spells                             Type                      Level
   a - Summon Butterflies             Summoning                    1
   b - Apportation                    Translocation                1
   c - Tukima's Dance                 Hexes                        3
   d - Alistair's Intoxication        Transmutation/Poison         4
   e - Invisibility                   Hexes                        6
 V - a manual of Dodging
Comestibles
 e - 5 bread rations
 g - 2 beef jerkies
 m - 9 meat rations
 z - 2 slices of pizza
 F - 23 fruits
 X - 3 chunks of flesh


   Skills:
 - Level 14.1(19.1) Fighting
 - Level 14.0(19.0) Maces & Flails
 + Level 15.6(20.6) Armour
 + Level 4.1(9.1) Dodging
 - Level 15.0(20.0) Shields


You had 13 spell levels left.
You didn't know any spells.

Dungeon Overview and Level Annotations

Branches:
Dungeon (9/15)             Temple (1/1) D:4            Lair (8/8) D:9
  Swamp (0/4) Lair:6        Snake (0/4) Lair:3        Slime (0/6) Lair:6
    Orc: D:9-12

Altars:
Ashenzari
Cheibriados
Dithmenos
Elyvilon
Fedhas
Gozag
Kikubaaqudgha
Makhleb
Nemelex Xobeh
Okawaru
Qazlal
Ru
Sif Muna
Trog
Vehumet
Xom
Yredelemnul
Zin
The Shining One

Annotations:
Lair:3 exclusion: 4 oklob plants


Innate Abilities, Weirdness & Mutations

You reflexively headbutt those who attack you in melee.
You have a pair of horns on your head.


Message History

* * * LOW HITPOINT WARNING * * *
The wolf bites you but does no damage. x3
You are engulfed in calcifying dust.
The hippogriff screeches!
The wolf bites you but does no damage. The wolf bites you.
* * * LOW HITPOINT WARNING * * *
The wolf bites you.
* * * LOW HITPOINT WARNING * * *
The catoblepas gores you but does no damage.
The wolf bites you but does no damage.
You are engulfed in calcifying dust.
The wolf stops moving altogether!
The wolf bites you but does no damage. x4
The catoblepas gores you but does no damage.
You are engulfed in calcifying dust.
The wolf bites you but does no damage. The wolf bites you but does no damage.
The catoblepas gores you!!
* * * LOW HITPOINT WARNING * * *
The wolf bites you but does no damage. x2
You are engulfed in calcifying dust.
The wolf bites you but does no damage. The wolf completely misses you.
The catoblepas gores you!!
You die...

........P..PP..#.#.....♣♣
........P......####P...♣
...............## #†...♣♣♣♣
.......PP.P.....###.......♣♣
.......PHPP#.....)......♣♣..
.........PP............♣♣♣♣♣
.........PPP...........♣ ♣
........h.hP..........♣♣♣
..........Y@.§.§........♣
..........hh............♣
.<......................♣
.......................♣♣
.......................♣♣
........................♣
.......................♣♣ ♣
.......................♣♣♣♣♣
.........................♣..


You could see a catoblepas, a hippogriff and 4 wolves.

Vanquished Creatures
  Josephine (Lair:7)
  Harold (Lair:2)
  8 hydras
  8 death yaks
  Urug (Lair:2)
  7 elephants
  7 black mambas
  18 spiny frogs
  7 komodo dragons
  2 fire drakes
  A boulder beetle (Lair:7)
  18 blink frogs
  4 polar bears
  2 slime creatures (Lair:6)
  A wyvern (Lair:3)
  Sigmund (D:2)
  34 yaks
  4 wraiths (Lair:7)
  14 hippogriffs
  Eustachio (D:4)
  A basilisk (Lair:4)
  5 vampire mosquitoes (Lair:6)
  Menkaure (D:7)
  2 nagas (Lair:3)
  22 wolves
  3 orc warriors
  3 ice beasts
  20 water moccasins
  14 porcupines
  3 black bears
  A phantom (D:9)
  4 sky beasts
  5 ogres
  15 crocodiles
  3 centaurs
  Blork the orc (D:4)
  11 giant frogs
  A big kobold (D:9)
  5 wights (D:6)
  4 killer bees (D:8)
  4 crimson imps
  A quasit (D:8)
  Crazy Yiuf (D:3)
  4 hounds
  11 iguanas
  4 jellies
  8 orc priests
  6 worker ants
  3 giant frog skeletons
  10 orc wizards
  Terence (D:2)
  Natasha (thrice) (D:4)
  14 sheep
  A hound zombie (D:7)
  A hound skeleton (D:5)
  7 gnolls
  48 river rats
  3 shadow imps
  13 adders
  An adder zombie (D:7)
  5 worms
  6 giant geckos
  30 orcs
  14 bats
  6 giant cockroaches
  4 goblins
  8 hobgoblins
  14 jackals
  A quokka (D:2)
  A ball python (D:3)
  A giant gecko skeleton (D:7)
  3 giant newts
  2 jackal skeletons (D:4)
  10 kobolds
  8 rats
  A fungus (Lair:5)
522 creatures vanquished.

Vanquished Creatures (others)
  A quokka (D:9)
  9 fungi
  20 plants
30 creatures vanquished.

Grand Total: 552 creatures vanquished

Notes
Turn   | Place    | Note
--------------------------------------------------------------
     0 | D:1      | nuthulu the Minotaur Fighter began the quest for the Orb.
     0 | D:1      | Reached XP level 1. HP: 19/19 MP: 0/0
   335 | D:1      | Reached XP level 2. HP: 25/27 MP: 1/1
   439 | D:2      | Noticed Sigmund
   440 | D:2      | Noticed Terence
   448 | D:1      | Reached skill level 4 in Fighting
   613 | D:2      | Killed Sigmund
   613 | D:2      | Reached skill level 5 in Fighting
   613 | D:2      | Reached skill level 5 in Maces & Flails
   613 | D:2      | Reached XP level 3. HP: 23/36 MP: 2/2
   613 | D:2      | Reached XP level 4. HP: 26/42 MP: 3/3
   613 | D:2      | Reached XP level 5. HP: 30/49 MP: 4/4
   615 | D:2      | Killed Terence
   847 | D:2      | Found a blossoming altar of Fedhas.
  1249 | D:2      | Reached skill level 6 in Fighting
  1526 | D:3      | Reached XP level 6. HP: 57/57 MP: 5/5
  1737 | D:3      | Noticed Crazy Yiuf
  1745 | D:3      | Killed Crazy Yiuf
  2010 | D:3      | Found a shimmering altar of Xom.
  2131 | D:3      | Found a burning altar of Makhleb.
  2301 | D:4      | Reached skill level 7 in Fighting
  2359 | D:4      | Reached XP level 7. HP: 66/66 MP: 6/6
  2458 | D:4      | Noticed Eustachio
  2470 | D:4      | Killed Eustachio
  2636 | D:4      | Found a bloodstained altar of Trog.
  2801 | D:4      | Reached skill level 8 in Fighting
  2889 | D:4      | Noticed Natasha
  2895 | D:4      | Killed Natasha
  2904 | D:4      | Noticed Blork the orc
  2910 | D:4      | Noticed Natasha
  2921 | D:4      | Killed Natasha
  2930 | D:4      | Killed Blork the orc
  2930 | D:4      | Reached XP level 8. HP: 46/75 MP: 7/7
  3004 | D:4      | Noticed Natasha
  3005 | D:4      | Killed Natasha
  3238 | D:4      | Found a staircase to the Ecumenical Temple.
  3247 | Temple   | Entered the Ecumenical Temple
  3539 | D:5      | Entered Level 5 of the Dungeon
  3748 | D:5      | Found a basalt altar of Yredelemnul.
  3760 | D:5      | Got a crude flail
  3761 | D:5      | Identified the +4 flail "Murgh" {flame, rPois Str+2 Dex-4} (You found it on level 5 of the Dungeon)
  3819 | D:5      | Reached skill level 9 in Fighting
  4046 | D:5      | Found a glowing golden altar of the Shining One.
  4596 | D:6      | Reached skill level 10 in Fighting
  4596 | D:6      | Reached skill level 10 in Maces & Flails
  4838 | D:6      | Reached XP level 9. HP: 50/86 MP: 8/8
  5708 | D:7      | Noticed Menkaure
  5713 | D:7      | Killed Menkaure
  5964 | D:7      | Reached skill level 11 in Fighting
  6015 | D:7      | Found an iron altar of Okawaru.
  6018 | D:7      | Became a worshipper of Warmaster Okawaru
  6998 | D:8      | Acquired Okawaru's first power
  7029 | D:8      | Reached skill level 12 in Maces & Flails
  7198 | D:8      | Reached XP level 10. HP: 92/97 MP: 9/9
  7498 | D:9      | Found a staircase to the Lair.
  7711 | D:9      | Found a white marble altar of Elyvilon.
  7785 | D:9      | Reached skill level 13 in Fighting
  8557 | Lair:1   | Entered Level 1 of the Lair of Beasts
  8597 | Lair:1   | Found a stormy altar of Qazlal.
  8699 | Lair:1   | Reached skill level 14 in Fighting
  8892 | Lair:1   | Noticed a black mamba
  8906 | Lair:1   | Killed a black mamba
  8918 | Lair:1   | Reached XP level 11. HP: 34/110 MP: 7/10
  9751 | Lair:1   | Reached skill level 5 in Shields
  9753 | Lair:1   | Reached skill level 5 in Armour
 10470 | Lair:2   | Noticed Harold
 10833 | Lair:2   | Killed Harold
 10833 | Lair:2   | Acquired Okawaru's second power
 11015 | Lair:2   | Noticed Urug
 11024 | Lair:2   | Killed Urug
 11633 | Lair:2   | Received a gift from Okawaru
 12063 | Lair:3   | Reached XP level 12. HP: 81/117 MP: 11/11
 12312 | Lair:3   | Found a dark tunnel.
 12342 | Lair:3   | Found a staircase to the Snake Pit.
 12719 | Lair:3   | Reached skill level 10 in Armour
 12865 | Lair:3   | Received a gift from Okawaru
 12865 | Lair:3   | Reached skill level 10 in Shields
 13059 | Lair:3   | Noticed a five-headed hydra
 13071 | Lair:3   | Killed a five-headed hydra
 13097 | Lair:3   | Noticed a five-headed hydra
 13104 | Lair:3   | Noticed a seven-headed hydra
 13113 | Lair:3   | Killed a five-headed hydra
 13142 | Lair:3   | Killed a seven-headed hydra
 14380 | Lair:4   | Noticed an eight-headed hydra
 14388 | Lair:4   | Killed an eight-headed hydra
 14920 | Lair:4   | Identified a scroll of acquirement
 15029 | Lair:4   | You fall through a shaft for 3 floors!
 15031 | Lair:7   | Got a transparent mace
 15032 | Lair:7   | Identified the cursed +0 mace of Doubt {crush, *Rage rPois Str+4 Int-3} (You found it on level 7 of the Lair of Beasts)
 15061 | Lair:7   | Reached XP level 13. HP: 124/124 MP: 12/12
 15484 | Lair:4   | Received a gift from Okawaru
 17203 | Lair:6   | Found a basalt altar of Yredelemnul.
 17765 | Lair:6   | Found a staircase to the Slime Pits.
 17991 | Lair:6   | Found a staircase to the Swamp.
 18376 | Lair:7   | Received a gift from Okawaru
 18689 | Lair:7   | Reached skill level 15 in Armour
 19016 | Lair:7   | Noticed Josephine
 19039 | Lair:7   | Killed Josephine
 19039 | Lair:7   | Reached XP level 14. HP: 94/132 MP: 13/13
 19266 | Lair:8   | Entered Level 8 of the Lair of Beasts
 19642 | Lair:8   | Reached skill level 15 in Shields
 19718 | Lair:8   | Received a gift from Okawaru
 19718 | Lair:8   | Reached skill level 1 in Dodging
 20250 | Lair:8   | HP: 4/132 [catoblepas (11)]
 20251 | Lair:8   | Slain by a catoblepas

Vault maps used:
D:1:      dpeg_arrival_simpleton_a
D:2:      lemuel_round_altar, minmay_door_square, grunt_ministairs_4,
          uniq_sigmund, uniq_terence
D:3:      nicolae_overflow_crystal_walls, lemuel_round_altar,
          uniq_crazy_yiuf_cottage
D:4:      lemuel_round_altar, temple_hall, first_bread, uniq_natasha,
          uniq_eustachio, uniq_blork_the_orc
D:5:      yredelemnul_altar_generic, tso_metal_star
D:7:      kennysheep_mini, uniq_menkaure
D:9:      elyvilon_altar_4, dpeg_lair_monsters
Temple:   circular_temple_12
Lair:1:   wad_woods_stonehenge, grunt_megastairs_1
Lair:2:   gammafunk_lair_bear_cave, infiniplex_staircase_pool,
          grunt_megastairs_3, uniq_urug, uniq_harold
Lair:3:   dpeg_oklob_gauntlet, guppyfry_snake_entry_garden,
          nicolae_volcano_entry_lava_flow
Lair:4:   minivault_24
Lair:6:   minmay_swamp_entry_swarm, minmay_slime_entry_pillars, basic_altar,
          beast_lair_carwin_8, serial_bayou_shore_b
Lair:7:   beast_lair_carwin_7, uniq_josephine
Lair:8:   evil_forest, lemuel_fruit_fields

Action                   |  1- 3 |  4- 6 |  7- 9 | 10-12 | 13-15 || total
-------------------------+-------+-------+-------+-------+-------++-------
Melee: Flail             |    39 |   153 |   323 |   680 |   678 ||  1873
Throw: Throwing net      |       |       |       |     2 |       ||     2
Invok: Heroism           |       |       |       |     8 |     9 ||    17
       Finesse           |       |       |       |       |     1 ||     1
  Use: Scroll            |     5 |     8 |     8 |     8 |     1 ||    30
       Potion            |     1 |       |       |     4 |     1 ||     6
 Stab: Held in net/web   |       |       |       |     1 |       ||     1
       Invisible         |       |       |       |       |     1 ||     1
  Eat: Chunk             |       |     5 |    15 |    26 |     9 ||    55
       Meat ration       |       |       |       |       |     2 ||     2
